 Dungeon Crawl Stone Soup version 0.24.0-37-gcf1ca852f1 (webtiles) character file.

Game seed: 325663577726420746, levelgen mode: deterministic

6301 PentaManta the Party-goer (level 10, -4/84 HPs)
             Began as a Minotaur Fighter on Dec 6, 2019.
             Was a Priest of Uskayaw.
             Slain by a troll (9 damage)
             ... on level 1 of the Orcish Mines.
             The game lasted 00:19:29 (8590 turns).

PentaManta the Party-goer (Minotaur Fighter)        Turns: 8590, Time: 00:19:29

Health: -4/84      AC: 13    Str: 24    XL:     10   Next: 63%
Magic:  17/17      EV: 10    Int:  5    God:    Uskayaw [***...]
Gold:   711        SH: 10    Dex: 10    Spells: 9/9 levels left

rFire    . . .     SeeInvis .   A - +7 long sword
rCold    . . .     Gourm    .   c - +0 shield
rNeg     . . .     Faith    .   b - +0 scale mail
rPois    .         Spirit   .   (helmet restricted)
rElec    .         Reflect  .   (no cloak)
rCorr    .         Harm     .   o - +1 pair of gloves
MR       +....                  (no boots)
Stlth    ..........             y - amulet of regeneration
HPRegen  0.64/turn              s - ring of protection from magic
MPRegen  0.15/turn              h - +3 ring of protection

@: no status effects
A: retaliatory headbutt, horns 2
a: Stomp, Line Pass, Renounce Religion


You were on level 1 of the Orcish Mines.
You worshipped Uskayaw.
Uskayaw was aware of your devotion.
You were not hungry.

You visited 3 branches of the dungeon, and saw 11 of its levels.

You collected 711 gold pieces.

Inventory:

Hand Weapons
 i - a +0 dagger of venom
 A - a +7 long sword (weapon)
Armour
 b - a +0 scale mail (worn)
 c - a +0 shield (worn)
 g - a +0 plate armour
 o - a +1 pair of gloves (worn)
Jewellery
 h - a +3 ring of protection (right hand)
 q - an uncursed amulet of rage
 s - a ring of protection from magic (left hand)
 y - an amulet of regeneration (around neck)
Wands
 a - a wand of paralysis (7)
 n - a wand of scattershot (3)
 p - a wand of random effects (22)
 v - a wand of digging (8)
Scrolls
 r - 3 scrolls of teleportation
Potions
 d - 3 potions of might
 e - 4 potions of heal wounds
 k - a potion of agility
 l - 4 potions of curing
 t - 3 potions of lignification
 u - a potion of mutation
Comestibles
 f - 24 rations


   Skills:
 - Level 6.4 Fighting
 - Level 10.0 Long Blades
 - Level 6.4 Armour
 - Level 4.5 Dodging
 - Level 6.3 Shields
 + Level 10.8 Invocations


You had 9 spell levels left.
You didn't know any spells.
Your spell library contained the following spells:

 Spells                   Type           Power        Failure   Level  Hunger
 Animate Skeleton         Necr           N/A          98%         1    ##.....
 Apportation              Tloc           #.....       98%         1    ##.....
 Confusing Touch          Hex            #.....       98%         1    ##.....
 Corona                   Hex            #......      98%         1    ##.....
 Summon Small Mammal      Summ           #...         98%         1    ##.....
 Corpse Rot               Necr           N/A          99%         2    ###....
 Ensorcelled Hibernation  Hex/Ice        #.....       99%         2    ###....
 Sublimation of Blood     Necr           #.........   99%         2    ###....
 Confuse                  Hex            #.......     100%        3    ####...
 Dazzling Spray           Conj/Hex       #.....       100%        3    ####...
 Tukima's Dance           Hex            #.......     100%        3    ####...
 Agony                    Necr           #.......     100%        5    ######.
 Bolt of Draining         Conj/Necr      #.........   100%        5    ######.
 Dispel Undead            Necr           #.......     100%        5    ######.
 Excruciating Wounds      Chrm/Necr      #.........   100%        5    ######.


Dungeon Overview and Level Annotations

Branches:
Dungeon (9/15)             Temple (1/1) D:4            Lair (0/6) D:8
    Orc (1/2) D:9

Altars:
Ashenzari
Cheibriados
Dithmenos
Elyvilon
Fedhas
Gozag
Hepliaklqana
Kikubaaqudgha
Makhleb
Nemelex Xobeh
Okawaru
Qazlal
Ru
Sif Muna
Trog
Uskayaw
Vehumet
Wu Jian
Xom
Yredelemnul
Zin
The Shining One
Beogh

Shops:
D:7 (


Innate Abilities, Weirdness & Mutations

You reflexively headbutt those who attack you in melee.
You have a pair of horns on your head.


Message History

You kill the orc wizard!
The troll is no longer paralysed.
Things that are here:
a +0 dagger; a +0 robe You barely miss the troll.
A magic dart appears from out of thin air!
The magic dart hits you but does no damage.
The troll bites you! The troll claws you!
* * * LOW HITPOINT WARNING * * *
You block the troll's attack.
Your shield and scale mail prevent you from hitting the troll.
The troll bites you!
* * * LOW HITPOINT WARNING * * *
You block the troll's attack. The troll misses you.
Your shield and scale mail prevent you from hitting the troll.
Something hits you but does no damage. The troll closely misses you.
You riposte.
You hit the troll. You headbutt the troll!
The troll is heavily wounded.
The troll claws you but does no damage. The troll claws you!
You die...

#.))).#.........#......
#.._..#........#....... .
#.....#.......###......
..#######........#.....#.
.........................
..#...)................#
...#..))...#..........##
..##...).........#.... #
.......@....^.....##.. .
........T.>..$.... ... .
....#...........# ....
................ $....
................ ..#...
..........#.....
#..............
....#......#... ..


You could see a troll.

Vanquished Creatures
  A cyclops (D:9)
  Grinder (D:3)
  3 hornets (D:8)
  Sigmund (D:3)
  3 yaks (D:9)
  2 hungry ghosts
  A sky beast (D:7)
  5 orc warriors
  2 ice beasts
  2 black bears
  An eye of draining (D:9)
  3 ogres
  2 centaurs
  A big kobold (D:6)
  Blork the orc (D:8)
  6 bullfrogs
  A wyvern skeleton (D:6)
  A scorpion (D:7)
  12 wights
  A bullfrog zombie (D:8)
  3 crimson imps
  A centaur zombie (D:7)
  2 hounds
  9 orc priests
  2 centaur skeletons
  17 orc wizards
  Jessica (D:3)
  4 iguanas
  6 worker ants
  A worker ant zombie (D:8)
  14 adders
  11 gnolls
  4 shadow imps
  An ooze (D:4)
  An adder zombie (D:7)
  4 worms
  2 dart slugs (D:1)
  3 leopard geckos
  59 orcs
  11 bats
  8 giant cockroaches
  5 hobgoblins
  4 jackals
  2 quokkas
  4 frilled lizards
  7 goblins
  14 kobolds
  A leopard gecko skeleton (D:7)
  6 rats
257 creatures vanquished.

Notes
Turn   | Place    | Note
-------+----------+-------------------------------------------
     0 | D:1      | PentaManta the Minotaur Fighter began the quest for the
                  | Orb.
     0 | D:1      | Reached XP level 1. HP: 19/19 MP: 0/0
   381 | D:1      | Reached XP level 2. HP: 26/26 MP: 1/1
   789 | D:2      | Reached XP level 3. HP: 31/31 MP: 2/2
   967 | D:2      | Reached skill level 5 in Long Blades
   992 | D:3      | Noticed Grinder
  1033 | D:3      | Paralysed by Grinder for 5 turns
  1039 | D:3      | Killed Grinder
  1039 | D:3      | Reached XP level 4. HP: 20/39 MP: 3/3
  1039 | D:3      | Reached XP level 5. HP: 23/45 MP: 4/4
  1039 | D:3      | Reached XP level 6. HP: 26/51 MP: 5/5
  1697 | D:3      | Found a shimmering altar of Xom.
  1700 | D:3      | Found a shimmering altar of Xom.
  1700 | D:3      | Found a shimmering altar of Xom.
  1810 | D:3      | Noticed Jessica
  1816 | D:3      | Killed Jessica
  1856 | D:3      | Noticed Sigmund
  2192 | D:3      | Killed Sigmund
  2192 | D:3      | Reached skill level 1 in Dodging
  2192 | D:3      | Reached XP level 7. HP: 49/59 MP: 6/6
  2413 | D:4      | Found a staircase to the Ecumenical Temple.
  2423 | Temple   | Entered the Ecumenical Temple
  2491 | Temple   | Became a worshipper of Uskayaw the Reveler
  2726 | D:4      | Reached * piety under Uskayaw
  2728 | D:4      | Reached ** piety under Uskayaw
  3046 | D:4      | Reached *** piety under Uskayaw
  3880 | D:5      | Entered Level 5 of the Dungeon
  4655 | D:6      | Reached XP level 8. HP: 65/67 MP: 7/7
  4664 | D:6      | Reached skill level 5 in Fighting
  4664 | D:6      | Reached skill level 5 in Armour
  4670 | D:6      | Reached **** piety under Uskayaw
  4677 | D:6      | Reached skill level 5 in Shields
  4681 | D:6      | Reached ***** piety under Uskayaw
  5692 | D:7      | Found Wiodany's Antique Weapon Shoppe.
  6115 | D:7      | Reached skill level 10 in Long Blades
  6115 | D:7      | Reached XP level 9. HP: 46/75 MP: 8/8
  6241 | D:7      | Found a burning altar of Makhleb.
  6251 | D:7      | Found a radiant altar of Vehumet.
  6254 | D:7      | Found an iron altar of Okawaru.
  6414 | D:8      | Reached skill level 1 in Invocations
  6791 | D:8      | Paralysed by a hornet for 2 turns
  6796 | D:8      | Reached skill level 5 in Invocations
  6883 | D:8      | Noticed Blork the orc
  6891 | D:8      | Found a shimmering blue altar of Sif Muna.
  6913 | D:8      | Killed Blork the orc
  6954 | D:8      | Found a staircase to the Lair.
  7017 | D:8      | Found a stormy altar of Qazlal.
  7334 | D:9      | Reached XP level 10. HP: 58/84 MP: 14/14
  7565 | D:9      | HP: 3/84 [yak (12)]
  7744 | D:9      | Found a staircase to the Orcish Mines.
  8120 | D:9      | Noticed a cyclops
  8132 | D:9      | Killed a cyclops
  8132 | D:9      | Reached skill level 10 in Invocations
  8325 | Orc:1    | Entered Level 1 of the Orcish Mines
  8533 | Orc:1    | Found a roughly hewn altar of Beogh.
  8589 | Orc:1    | HP: 4/84 [troll (14)]
  8590 | Orc:1    | Slain by a troll

Levels and vault maps discovered:
D:1:      dpeg_arrival_fog, layout_basic
D:2:      layout_rooms
D:3:      layout_basic, xom_redecorated, st_stairs_10,
          chequers_serial_rivers_marsh, uniq_sigmund, uniq_jessica, uniq_grinder
D:4:      layout_basic, minmay_temple_entry_glassed_door, first_ration,
          st_stairs_11, hex_medium
D:5:      layout_cave_pools, kennysheep_generic_room_14
D:6:      layout_basic, grunt_potential
D:7:      layout_loops_ring, grunt_temple_overflow_diamond, serial_shops,
          nicolae_shop_crystal
D:8:      layout_cave_pools, lair_entry_dummy, basic_altar,
          hangedman_pestilent_swarm, tgw_sif
D:9:      layout_loops_cross, hiddenorc2_lemuel
Temple:   dpeg_five_rooms_temple
Orc:1:    gammafunk_beogh_shrine, layout_caves, nicolae_volcano_entry_two_sided,
          minmay_orc_temple_a

Skill      XL: |  1  2  3  4  5  6  7  8  9 10 |
---------------+-------------------------------+-----
Long Blades    | 3 4 7 8 9 10 | 10.0
Fighting       | 4 6 |  6.4
Armour         | 4 6 |  6.4
Dodging        | 1 2 4 |  4.5
Shields        | 4 6 |  6.3
Invocations    | 7 10 | 10.8

Action                   |  1- 3 |  4- 6 |  7- 9 | 10-12 || total
-------------------------+-------+-------+-------+-------++-------
Melee: Long sword        |    19 |       |   120 |   228 ||   367
       Headbutt          |    13 |    22 |    95 |    43 ||   173
       Dagger            |    66 |    96 |   314 |    19 ||   495
       Short sword       |       |    25 |       |       ||    25
Invok: Line Pass         |       |       |       |     1 ||     1
  Use: Scroll            |     1 |       |     7 |     4 ||    12
       Potion            |       |       |     2 |       ||     2
 Stab: Paralysed         |       |       |    15 |    20 ||    35
  Eat: Chunk             |       |     4 |    15 |     6 ||    25
       Ration            |       |       |     1 |     1 ||     2
Armor: Scale mail        |    34 |    37 |   113 |    98 ||   282
Dodge: Dodged            |    42 |    15 |   110 |    80 ||   247
Block: Shield            |    54 |    38 |   201 |   110 ||   403
       Rpst.: Long sword |     2 |       |     6 |    17 ||    25
